 Dungeon Crawl Stone Soup version 0.32-a0-918-g0f22ef8d61 (webtiles) character file.

Game seed: 2515442590330766736

31651 ragingrage the Impaler (level 13, -1/109 HPs)
             Began as a Merfolk Monk on Apr 10, 2024.
             Was an Elder of Yredelemnul.
             Slain by a polar bear (3 damage)
             ... while petrified by a basilisk
             ... on level 1 of the Lair of Beasts.
             The game lasted 00:19:27 (19049 turns).

ragingrage the Impaler (Merfolk Monk)              Turns: 19049, Time: 00:19:28

Health: -1/109     AC:  8    Str: 14    XL:     13   Next: 59%
Magic:  19/19      EV:  2    Int:  9    God:    Yredelemnul [****..]
Gold:   410        SH:  0    Dex: 19    Spells: 12/12 levels left

rFire   . . .        T - +2 trident (drain)
rCold   + . .        (no shield)
rNeg    + + +        J - +0 troll leather armour
rPois   ∞            j - +0 helmet
rElec   .            X - +0 cloak
rCorr   .            r - +0 pair of gloves
SInv    .            U - +0 pair of boots
Will    .....        W - amulet of regeneration
Stlth   ++++         i - ring of protection from cold
HPRegen 1.98/turn    H - +5 ring of evasion
MPRegen 0.16/turn

%: no passive effects
@: petrified, wreathed by umbra
A: (nimble swimmer 2), mertail
a: Renounce Religion, Light the Black Torch, Recall Undead Harvest, Hurl
Torchlight, Bind Soul


You were on level 1 of the Lair of Beasts.
You worshipped Yredelemnul.
Yredelemnul was aware of your devotion.
You visited 3 branches of the dungeon, and saw 14 of its levels.
You also visited: Sewer.

You collected 1102 gold pieces.
You spent 692 gold pieces at shops.

Inventory:

Hand Weapons
 a - a +0 halberd of flaming
 b - a +4 trident
 T - a +2 trident of draining (weapon)
Missiles
 f - 93 poisoned darts (quivered)
 p - 5 curare-tipped darts
 K - 2 throwing nets
Armour
 j - a +0 helmet (worn)
 r - a +0 pair of gloves (worn)
 x - a scarf of repulsion
 J - a +0 troll leather armour (worn)
 O - +0 steam dragon scales
 U - a +0 pair of boots (worn)
 X - a +0 cloak (worn)
Jewellery
 g - a ring of ice
 i - a ring of protection from cold (left hand)
 D - a ring of flight
 H - a +5 ring of evasion (right hand)
 W - an amulet of regeneration (around neck)
Wands
 w - a wand of flame (41)
 I - a wand of polymorph (6)
 M - a wand of acid (6)
 S - a wand of digging (4)
 V - a wand of mindburst (17)
 Y - a wand of paralysis (3)
Scrolls
 e - 2 scrolls of noise
 h - 4 scrolls of enchant armour {unknown}
 l - 4 scrolls of amnesia
 m - 3 scrolls of teleportation
 n - a scroll of enchant weapon {unknown}
 q - 3 scrolls of immolation
 u - 2 scrolls of fear
 y - a scroll of acquirement {unknown}
 B - 2 scrolls of revelation
 E - a scroll of silence {unknown}
 L - a scroll of torment {unknown}
 N - 2 scrolls of summoning {unknown}
 P - 3 scrolls of identify
 R - a scroll of fog {unknown}
Potions
 c - a potion of ambrosia
 d - 7 potions of enlightenment
 k - 3 potions of haste
 o - 6 potions of curing
 s - 3 potions of cancellation
 t - a potion of invisibility {unknown}
 v - a potion of resistance {unknown}
 z - 5 potions of might
 A - a potion of attraction {unknown}
 C - 2 potions of mutation {unknown}
 F - 3 potions of magic
 G - 2 potions of heal wounds
 Q - 3 potions of lignification {unknown}


   Skills:
 + Level 12.7 Fighting
 - Level 16.0 Polearms
 - Level 2.0 Throwing
 + Level 5.4 Armour
 - Level 14.0 Dodging
 - Level 4.0 Stealth
 + Level 8.0 Invocations
 - Level 5.0 Evocations


You had 12 spell levels left.
You didn't know any spells.
Your spell library contained the following spells:

 Spells                   Type           Power      Damage    Failure   Level
 Foxfire                  Conj/Fire      0%         2x1d4     45%         1
 Kiss of Death            Conj/Necr      0%         2d5       45%         1
 Summon Small Mammal      Summ           0%         N/A       45%         1
 Mercury Vapours          Alch/Air       0%         N/A       58%         2
 Call Canine Familiar     Summ           0%         N/A       83%         3
 Confusing Touch          Hex            0%         N/A       83%         3
 Mephitic Cloud           Conj/Alch/Air  0%         N/A       83%         3
 Passwall                 Erth           0%         N/A       83%         3
 Sigil of Binding         Hex            0%         N/A       83%         3
 Volatile Blastmotes      Fire/Tloc      0%         2d10      83%         3
 Dimensional Bullseye     Hex/Tloc       0%         N/A       99%         4
 Dispel Undead            Necr           0%         3d6       99%         4
 Leda's Liquefaction      Alch/Erth      0%         N/A       99%         4
 Petrify                  Alch/Erth      0%         N/A       99%         4
 Summon Blazeheart Golem  Fire/Summ      0%         N/A       99%         4
 Vhi's Electric Charge    Tloc/Air       0%         N/A       99%         4
 Freezing Cloud           Conj/Ice/Air   0%         6-21      100%        5
 Metabolic Englaciation   Hex/Ice        0%         N/A       100%        5
 Bombard                  Conj/Erth      0%         9d1       100%        6
 Plasma Beam              Fire/Air       0%         2x1d10    100%        6
 Sculpt Simulacrum        Ice/Alch       0%         N/A       100%        6
 Starburst                Conj/Fire      0%         6d3       100%        6
 Death Channel            Necr           Unusable   N/A       N/A         6

Dungeon Overview and Level Annotations

Branches:
Dungeon (12/15)            Temple (1/1) D:6            Lair (1/5) D:11
    Orc (0/2) D:10          Sewer (visited)

Altars:
Ashenzari
Cheibriados
Dithmenos
Elyvilon
Fedhas
Gozag
Hepliaklqana
Kikubaaqudgha
Makhleb
Nemelex Xobeh
Okawaru
Qazlal
Ru
Sif Muna
Trog
Uskayaw
Vehumet
Wu Jian
Xom
Yredelemnul
Zin
The Shining One

Shops:
D:4 =   D:7 *(!?   D:10 =   D:12 =

Portals:
Trove: D:11 (give 16 scrolls of teleportation)

Annotations:
D:1 exclusion: downstairs
D:4 exclusions: downstairs and 1 more exclusion


Innate Abilities, Weirdness & Mutations

((You are very nimble when in or above water. (Stealth+, EV+, Speed+++)))
Your lower body shifts to a powerful aquatic tail in water.


Message History

The yak gores you. The polar bear completely misses you.
The polar bear claws you but does no damage. x2
The basilisk bites you! The yak gores you but does no damage.
The polar bear bites you!!
The polar bear claws you but does no damage. x2
Your yak zombie misses the basilisk.
The polar bear bites you!
The polar bear claws you but does no damage. x2
The basilisk gazes at you.
You easily resist.
The yak gores you.
The polar bear bites you but does no damage.
The polar bear claws you but does no damage. x2
Your yak zombie gores the basilisk.
The polar bear seems less drained.
The basilisk gazes at you.
Your yak zombie resists with significant effort. x2
The yak gores you but does no damage. The polar bear bites you.
The polar bear claws you but does no damage.
The polar bear claws you.
* * * LOW HITPOINT WARNING * * *
The polar bear bites you!!
* * * LOW HITPOINT WARNING * * *
The polar bear barely misses you. The polar bear claws you.
The basilisk bites you!
* * * LOW HITPOINT WARNING * * *
The yak gores you.
* * * LOW HITPOINT WARNING * * *
Your yak zombie gores the basilisk!
The basilisk dies!
Their soul becomes fuel for the torch.
The dead are walking!
The polar bear bites you!
* * * LOW HITPOINT WARNING * * *
The polar bear claws you.
* * * LOW HITPOINT WARNING * * *
The polar bear claws you. The polar bear bites you!
* * * LOW HITPOINT WARNING * * *
The polar bear claws you.
You die...
Your body vanishes in a gout of umbral fire.

... .........P# ..
..........## ..
...........###
...........#..#
........Z....###
...............#
.../...h.Z....##
.......Z@Y.....##
#......
...............###......
...#...........##...>...
. ##...................
##..................
#.......## #.......
#........###.......
......##...###........
.......##..............


You could see a polar bear (berserk, ally target), a yak, a friendly basilisk
zombie and 2 friendly yak zombies.

Vanquished Creatures
  Frances (D:12)
  Josephine (D:12)
  A catoblepas (Lair:1)
  A hydra (D:11)
  2 boulder beetles (D:12)
  Erica (D:11)
  2 two-headed ogres
  Amaemon (D:11)
  Pikel (D:4)
  2 cyclopes (D:11)
  An oklob plant (D:11)
  3 ugly things
  A meliai (D:11)
  An orange demon (D:11)
  3 unseen horror zombies (D:9)
  Jeremiah (D:9)
  3 kobold demonologists
  An unseen horror (D:11)
  A komodo dragon (D:12)
  7 trolls
  A blink frog (Lair:1)
  A hornet (D:9)
  Grinder (Sewer)
  Prince Ribbit (D:8)
  3 shadows (D:11)
  3 wyverns
  4 wraiths
  Sigmund (D:2)
  21 yaks
  A basilisk (D:12)
  A hog (D:12)
  A steam dragon (D:8)
  A vampire mosquito (D:12)
  Menkaure (D:5)
  Edmund (D:5)
  An acid dragon (D:11)
  2 water moccasins
  5 orc warriors (D:9)
  An ice beast (D:7)
  An ogre (D:5)
  7 centaurs
  3 lemures (D:4)
  14 kobold brigands
  2 weeping skulls (D:9)
  Blork the orc (D:5)
  5 gnoll sergeants
  A scorpion (D:5)
  3 bullfrogs
  13 wights
  2 killer bees
  5 howler monkeys
  An electric eel (D:9)
  A centaur zombie (D:9)
  2 hounds (D:6)
  12 orc priests
  A human zombie (D:9)
  3 gnoll boudas
  3 iguanas
  2 jellies
  Crazy Yiuf (D:2)
  2 sleepcaps
  Natasha (twice) (D:1)
  19 orc wizards
  A killer bee zombie (D:9)
  A crocodile skeleton (Sewer)
  2 mummies (D:9)
  41 gnolls
  12 adders
  5 shadow imps
  6 ufetubi
  2 dart slugs
  6 ribbon worms
  35 orcs
  15 ball pythons
  4 bats
  7 endoplasms
  5 giant cockroaches
  10 goblins
  11 hobgoblins
  11 jackals
  4 quokkas
  3 frilled lizards
  40 kobolds
  3 kobold zombies (Sewer)
  3 rats
419 creatures vanquished.

Vanquished Creatures (collateral kills)
  Kirke (D:12)
  A two-headed ogre (D:10)
  A boulder beetle (D:11)
  2 cane toads (Lair:1)
  2 blink frogs (Lair:1)
  3 wraiths (D:12)
  8 yaks
  2 hogs (D:12)
  A basilisk (Lair:1)
  4 vampire mosquitoes (D:12)
  A black bear (shapeshifter) (D:10)
  An orc wizard (D:11)
  3 gnolls (D:11)
  2 orcs (D:10)
  4 kobolds
36 creatures vanquished.

Vanquished Creatures (others)
  A human zombie (D:12)
  A boulder beetle zombie (D:12)
  A two-headed ogre zombie (D:12)
  A cane toad zombie (Lair:1)
  2 hog zombies (D:12)
  4 yak zombies
  A troll zombie (D:11)
  A centaur zombie (D:10)
  A basilisk zombie (D:12)
  A black bear zombie (D:10)
  10 kobold zombies
  A gnoll zombie (D:11)
  3 orc zombies (D:10)
28 creatures vanquished.

Grand Total: 483 creatures vanquished

Notes
Turn   | Place    | Note
-------+----------+-------------------------------------------
     0 | D:1      | ragingrage the Merfolk Monk began the quest for the Orb.
     0 | D:1      | Reached XP level 1. HP: 18/18 MP: 1/1
   107 | D:1      | Reached XP level 2. HP: 21/24 MP: 2/2
   152 | D:1      | Reached skill level 5 in Polearms
   542 | D:1      | Reached XP level 3. HP: 24/29 MP: 3/3
   811 | D:1      | Found a faded altar of an unknown god.
  1225 | D:2      | Reached skill level 6 in Polearms
  1410 | D:2      | Reached XP level 4. HP: 35/35 MP: 4/4
  1568 | D:2      | Noticed Natasha
  1577 | D:2      | Reached skill level 7 in Polearms
  1595 | D:1      | Killed Natasha
  1596 | D:1      | Reached XP level 5. HP: 12/41 MP: 5/5
  1794 | D:2      | Found a hide-covered altar of Uskayaw.
  1832 | D:2      | Noticed Sigmund
  1889 | D:2      | Killed Sigmund
  1890 | D:2      | Reached skill level 9 in Polearms
  1890 | D:2      | Reached XP level 6. HP: 27/47 MP: 6/6
  2246 | D:1      | Noticed Natasha
  2254 | D:1      | Killed Natasha
  2444 | D:2      | Found a runed translucent door.
  2445 | D:2      | Noticed Crazy Yiuf
  3112 | D:3      | Found a faded altar of an unknown god.
  3188 | D:3      | Found a stormy altar of Qazlal.
  3790 | D:4      | Found Jeropipn's Jewellery Shop.
  3791 | D:4      | Found a glowing drain.
  3875 | D:4      | Reached skill level 10 in Polearms
  3885 | D:4      | Reached XP level 7. HP: 51/52 MP: 7/7
  4029 | Sewer    | Entered a sewer
  4302 | Sewer    | Found an ancient bone altar of Kikubaaqudgha.
  4386 | Sewer    | Reached skill level 11 in Polearms
  4547 | Sewer    | Noticed Grinder
  4557 | Sewer    | Killed Grinder
  4558 | Sewer    | Reached skill level 12 in Polearms
  4558 | Sewer    | Reached XP level 8. HP: 58/58 MP: 8/8
  5275 | D:4      | Noticed Pikel
  5300 | D:4      | Killed Pikel
  5301 | D:4      | Reached skill level 13 in Polearms
  5674 | D:3      | Found an ornate altar of the Wu Jian Council.
  5877 | D:3      | Found a faded altar of an unknown god.
  6250 | D:3      | Found a stormy altar of Qazlal.
  6555 | D:3      | Found a stormy altar of Qazlal.
  6589 | D:3      | Found a faded altar of an unknown god.
  7325 | D:3      | Found an ornate altar of the Wu Jian Council.
  7374 | D:5      | Entered Level 5 of the Dungeon
  7891 | D:5      | Reached skill level 14 in Polearms
  7898 | D:5      | Noticed Edmund
  7959 | D:5      | Reached skill level 5 in Dodging
  7959 | D:5      | Reached XP level 9. HP: 64/66 MP: 9/9
  7966 | D:5      | Noticed Menkaure
  7979 | D:5      | Killed Menkaure
  8135 | D:5      | Reached skill level 5 in Fighting
  8316 | D:5      | Killed Edmund
  8618 | D:5      | Noticed Blork the orc
  8623 | D:5      | Killed Blork the orc
  9357 | D:6      | Found a staircase to the Ecumenical Temple.
  9366 | Temple   | Entered the Ecumenical Temple
 10046 | D:7      | Found Lias's Distillery.
 10054 | D:7      | Bought a potion of curing for 42 gold pieces
 10054 | D:7      | Bought a potion of might for 56 gold pieces
 10054 | D:7      | Bought a potion of enlightenment for 70 gold pieces
 10179 | D:7      | Found Hukk's Assorted Antiques.
 10192 | D:7      | Bought a long bronze wand for 112 gold pieces
 10198 | D:7      | Found Noust's Weapon Emporium.
 10288 | D:7      | Found Rafun's Magic Scroll Shop.
 10295 | D:7      | Bought a scroll of blinking for 82 gold pieces
 10416 | D:7      | Reached XP level 10. HP: 77/79 MP: 10/10
 10558 | D:7      | Found a glowing golden altar of the Shining One.
 10897 | D:8      | Reached skill level 15 in Polearms
 12026 | D:8      | Found a shimmering blue altar of Sif Muna.
 12037 | D:8      | Found a hazy altar of Hepliaklqana.
 12152 | D:8      | Noticed Prince Ribbit
 12308 | D:8      | Killed Prince Ribbit
 12581 | D:9      | Paralysed by a hornet for 3 turns
 12751 | D:9      | Reached skill level 10 in Dodging
 12933 | D:9      | Reached skill level 16 in Polearms
 13099 | D:9      | Reached skill level 1 in Throwing
 13179 | D:9      | Reached XP level 11. HP: 66/89 MP: 11/11
 13192 | D:9      | Found an ancient bone altar of Kikubaaqudgha.
 13319 | D:9      | Reached skill level 10 in Fighting
 13327 | D:9      | Reached skill level 1 in Stealth
 13862 | D:9      | Noticed Jeremiah
 13980 | D:10     | Entered Level 10 of the Dungeon
 14064 | D:9      | Killed Jeremiah
 14459 | D:9      | Found a shadowy altar of Dithmenos.
 14672 | D:9      | Found a basalt altar of Yredelemnul.
 14685 | D:9      | Became a worshipper of Yredelemnul the Fallen
 14685 | D:9      | Reached * piety under Yredelemnul
 14685 | D:9      | Reached ** piety under Yredelemnul
 14873 | D:10     | Noticed a two-headed ogre
 14881 | D:10     | Killed a two-headed ogre
 14891 | D:10     | Found a broken altar of Ashenzari.
 14909 | D:10     | Found a staircase to the Orcish Mines.
 14971 | D:10     | Found Issof's Jewellery Shop.
 15015 | D:10     | Reached skill level 1 in Invocations
 15021 | D:10     | Reached skill level 1 in Evocations
 15159 | D:10     | Reached skill level 1 in Armour
 15578 | D:11     | Noticed a boulder beetle
 15601 | D:11     | Killed a boulder beetle
 15602 | D:11     | Reached XP level 12. HP: 98/98 MP: 13/13
 15672 | D:11     | Noticed Erica
 15693 | D:11     | Killed Erica
 15873 | D:11     | Noticed a five-headed hydra
 15873 | D:11     | Noticed Amaemon
 15877 | D:11     | Reached *** piety under Yredelemnul
 15877 | D:11     | Killed a five-headed hydra
 15878 | D:11     | Killed Amaemon
 16449 | D:11     | Found a staircase to the Lair.
 16693 | D:11     | Found a portal to a secret trove of treasure.
 16732 | D:11     | Noticed a two-headed ogre
 16748 | D:11     | Killed a two-headed ogre
 16749 | D:11     | Reached skill level 5 in Invocations
 17095 | D:10     | Bought an amulet of regeneration for 330 gold pieces
 17258 | D:2      | Killed Crazy Yiuf
 17524 | D:12     | Found a transporter.
 17532 | D:12     | Found a white marble altar of Elyvilon.
 17534 | D:12     | Found a transporter.
 17615 | D:12     | Reached skill level 5 in Evocations
 17640 | D:12     | Noticed Frances
 17651 | D:12     | Noticed a two-headed ogre
 17663 | D:12     | Killed a two-headed ogre
 17664 | D:12     | Reached XP level 13. HP: 65/106 MP: 11/17
 18082 | D:12     | Noticed Kirke
 18219 | D:12     | Killed Frances
 18262 | D:12     | Reached **** piety under Yredelemnul
 18267 | D:12     | Killed Kirke
 18273 | D:12     | Noticed Josephine
 18284 | D:12     | Killed Josephine
 18285 | D:12     | Reached skill level 5 in Armour
 18293 | D:12     | Your ally Frances died
 18367 | D:12     | Found Soif's Jewellery Shoppe.
 18747 | Lair:1   | Entered Level 1 of the Lair of Beasts
 19049 | Lair:1   | HP: 2/109 [polar bear (8)]
 19049 | Lair:1   | Slain by a polar bear

Illustrated notes

Levels and vault maps discovered:
D:1:      erik_arrival_orb_chamber, layout_basic,
          hellmonk_ecumenical_altar_prayer_group
D:2:      layout_rooms, basic_altar, uniq_crazy_yiuf_cottage, uniq_natasha,
          uniq_sigmund
D:3:      layout_basic, nicolae_overflow_ecumenical_swirl,
          grunt_qazlal_sundering
D:4:      layout_basic, serial_shops, shop, gup_sewer_entry_glass, uniq_pikel
D:5:      layout_basic, st_stairs_1, uniq_edmund, uniq_menkaure,
          uniq_blork_the_orc
D:6:      layout_loops_corners, minmay_temple_entry_large_hall, st_stairs_13
D:7:      layout_basic, tso_altar, serial_shops,
          nicolae_shop_just_a_little_nook, shop, shop,
          nicolae_shop_tiny_statue_garden
D:8:      layout_layer_cave, minitemple, uniq_prince_ribbit1
D:9:      nzn_winding_woodlands_medium [nzn_winding_woodlands_hourglass,
          nzn_winding_woodlands_5x15_river_crossing,
          nzn_winding_woodlands_5x5_open_star,
          nzn_winding_woodlands_5x5_closed_star,
          nzn_winding_woodlands_center_pierced_h,
          nzn_winding_woodlands_5x5_cross,
          nzn_winding_woodlands_5x5_checkerboard,
          nzn_winding_woodlands_5x15_concentric,
          nzn_winding_woodlands_5x5_default], layout_loops_ring,
          kiku_gazebo_pond_becter, grunt_dithmenos_smoke_and_mirrors,
          lemuel_mausoleum_altar_yredelemnul, uniq_jeremiah
D:10:     layout_roguey, nicolae_ashenzari_skybound, david_orc_3, serial_shops,
          shop
D:11:     minmay_chambers_of_sevens, layout_basic, dpeg_oklobed_lair,
          enter_trove_6, nicolae_fountain_basement, uniq_amaemon, uniq_erica
D:12:     layout_long_grid, serial_shops, shop, elyvilon_altar_4, uniq_frances,
          uniq_kirke, uniq_josephine
Temple:   hellmonk_temple_forest_ring
Lair:1:   layout_cave_shapes, beast_lair_carwin_2, serial_bayou_shore_b

Skill      XL: |  1  2  3  4  5  6  7  8  9 10 11 12 13 |
---------------+----------------------------------------+-----
Polearms       | 5 6 7 9 10 12 14 16 | 16.0
Fighting       | 4 7 9 10 11 12 | 12.7
Dodging        | 5 8 10 13 14 | 14.0
Throwing       | 1 2 |  2.0
Stealth        | 4 |  4.0
Invocations    | 2 5 8 |  8.0
Evocations     | 2 5 |  5.0
Armour         | 1 4 5 |  5.4

Action                     |  1- 3 |  4- 6 |  7- 9 | 10-12 | 13-15 || total
---------------------------+-------+-------+-------+-------+-------++-------
  Melee: Spear             |   136 |    86 |       |       |       ||   222
         Trident           |       |    57 |   285 |   445 |   250 ||  1037
         Halberd           |       |     5 |   183 |   396 |       ||   584
         Tailslap          |       |       |     3 |       |       ||     3
         Unarmed           |       |       |       |     3 |       ||     3
   Fire: Shortbow          |       |       |    16 |       |       ||    16
  Throw: Dart              |     7 |    21 |     1 |     5 |     9 ||    43
 Invoke: Light the Black T |       |       |       |     5 |     1 ||     6
         Recall Undead Har |       |       |       |     2 |     1 ||     3
         Hurl Torchlight   |       |       |       |     1 |     1 ||     2
  Evoke: Wand              |       |       |       |     2 |       ||     2
    Use: Potion            |       |       |     7 |     2 |       ||     9
         Scroll            |       |       |     8 |     6 |       ||    14
   Stab: Sleeping          |       |       |     1 |    13 |     1 ||    15
         Distracted        |       |       |     1 |     9 |     4 ||    14
         Confused          |       |       |       |     2 |       ||     2
 Armour: Robe              |    49 |    52 |   105 |       |       ||   206
         Ring mail         |       |       |    45 |    19 |       ||    64
         Steam dragon scal |       |       |       |    59 |       ||    59
         Troll leather arm |       |       |       |   100 |   119 ||   219
  Dodge: Dodged            |    68 |    59 |   199 |   440 |   203 ||   969
         Repelled          |       |       |     5 |    10 |       ||    15

Table legend: (Time is in decaauts)
 A = Elapsed time spent in this place.
 B = Non-inter-level travel time spent in this place.
 C = Inter-level travel time spent in this place.
 D = Time resting spent in this place.
 E = Time spent auto-exploring this place.
 F = Levels seen in this place.
 G = Mean time per level.
                   A        B        C        D        E       F      G
               +--------+--------+--------+--------+--------+-----+--------+
         Total |  18403 |  17056 |   1347 |   2693 |  10899 |  15 | 1226.9 |
       Dungeon |  17562 |  16215 |   1347 |   2540 |  10445 |  12 | 1463.5 |
        Temple |      1 |      1 |      0 |      0 |      0 |   1 |    1.0 |
          Lair |    279 |    279 |      0 |      0 |    198 |   1 |  279.0 |
         Sewer |    559 |    559 |      0 |    152 |    255 |   1 |  559.0 |
               +--------+--------+--------+--------+--------+-----+--------+

Top non-repeatable levels by time:
     D:3: 2621 daAuts
     D:9: 1911 daAuts
     D:8: 1881 daAuts
     D:4: 1814 daAuts
     D:1: 1520 daAuts
    D:11: 1481 daAuts
     D:2: 1278 daAuts
     D:5: 1151 daAuts
    D:12: 1128 daAuts
     D:6: 1022 daAuts
     D:7: 990 daAuts
    D:10: 761 daAuts
   Sewer: 559 daAuts
  Lair:1: 279 daAuts
  Temple: 1 daAuts
